Unix NetHack Version 5.0.0-0 post-release - last build Jun 10 2026 00:39:30 (3ee93aec679c4c4259841fe613dc97188e26a321,branch:main).

Game began 2026-06-21 11:22:13, ended 2026-06-21 11:32:02.

LDaviesPeters, neutral female human Archeologist

                                                             ------
                                                            #-.<d.|
                                      -|--------            #|....|
                                      |........|            #|....|
                                      . .......|            #|....|
                                      |fd......|            #|....|
                                      --|-------            #------
                                        #                   ###
                                        ##                    #
                                         ###                  #
                                           ###                ##
                                          ---.-                #
                                          |...|                #
                                          |._.|         -----.-#
                                          |...|         |.....|#
                                          |....#########......-#
                                          |...|         |.....|
                                          -----         |.....|
                                                        -+-----

LDaviesPeters the Field Worker  St:10 Dx:11 Co:12 In:14 Wi:13 Ch:12  Neutral
Dlvl:4  $:0  HP:0(20) Pw:7(7) AC:8  Xp:3 T:1336 

Latest messages:
 A +0 cloak of invisibility lands on the altar.
 m - an uncursed +0 cloak of invisibility.
 What do you want to wear? [m or ?*] m
 Suddenly you cannot see yourself.
 You are now wearing a cloak of invisibility.
 What do you want to use or apply? [abfgp or ?*] b
 q - a scroll of amnesia.
 l - a scroll of destroy armor.
 s - a scroll of enchant armor.
 r - a scroll of identify.
 i - a scroll of scare monster.
 n - a cloudy potion.
 What do you want to use or apply? [abfgp or ?*] b
 You put a scroll of scare monster into the sack.
 A scroll of amnesia lands on the altar.
 There is an amber flash as a scroll of destroy armor hits the altar.
 A scroll of enchant armor lands on the altar.
 A scroll of identify lands on the altar.
 A cloudy potion lands on the altar.
 q - an uncursed scroll of amnesia.
 l - a blessed scroll of destroy armor.
 s - an uncursed scroll of enchant armor.
 r - an uncursed scroll of identify.
 n - an uncursed cloudy potion.
 What do you want to use or apply? [abfgp or ?*] b
 You put an uncursed scroll of amnesia into the sack.
 You put a blessed scroll of destroy armor into the sack.
 You put an uncursed scroll of enchant armor into the sack.
 You put an uncursed scroll of identify into the sack.
 You put an uncursed cloudy potion into the sack.
 You swap places with your little dog.
 Sponge bites!
 Sponge misses!
 You lash Sponge.
 Sponge bites!
 You lash Sponge.
 Sponge bites!
 You lash Sponge.
 Sponge bites!
 Sponge misses!
 You miss Sponge.
 Sponge bites!
 Sponge bites!
 You swap places with your little dog.
 The little dog misses Sponge.
 Sponge bites!
 The little dog bites Sponge.
 Sponge bites!
 You die...
 Do you want your possessions identified? [ynq] (y) q

Inventory:
 Weapons  (')')
  o - 9 +0 elven arrows
  a - a +2 bullwhip (weapon in right hand)
 Armor    ('[')
  c - an uncursed +0 fedora (being worn)
  m - an uncursed +0 cloak of invisibility (being worn)
  h - a blessed +0 leather jacket (being worn)
 Comestibles  ('%')
  d - 8 uncursed food rations
 Tools    ('(')
  b - an uncursed sack containing 7 items
  p - a +0 pick-axe (alternate weapon; not wielded)
  f - a tinning kit (0:88)
 Gems/Stones  ('*')
  g - an uncursed touchstone

Contents of the sack:
  49 gold pieces
  an uncursed scroll of amnesia
  a blessed scroll of destroy armor
  an uncursed scroll of enchant armor
  an uncursed scroll of identify
  an uncursed scroll of scare monster
  an uncursed potion of levitation

LDaviesPeters the Archeologist's attributes:

Background:
 You were a Field Worker, a level 3 female human Archeologist.
 You were neutral, on a mission for Camaxtli
 who was opposed by Quetzalcoatl (lawful) and Huhetotl (chaotic).
 You were right-handed.
 You were in the Dungeons of Doom, on level 4.
 You entered the dungeon 1336 turns ago.
 You had 63 experience points, 17 more were needed to attain level 4.

Basics:
 You had 0 out of 20 hit points.
 You had all 7 energy points (spell power).
 Your armor class was 8.
 Your wallet was empty, but
 you had 49 zorkmids stashed away in your pack.
 Autopickup was off.

Final Characteristics:
 Your strength was 10 (peak:13, limit:18/100).
 Your dexterity was 11 (limit:18).
 Your constitution was 12 (limit:18).
 Your intelligence was 14 (limit:18).
 Your wisdom was 13 (peak:14, limit:18).
 Your charisma was 12 (limit:18).

Final Status:
 You weren't hungry.
 You were unencumbered.
 You were wielding a whip.
 You had basic skill with whip.

Final Attributes:
 You were devoutly aligned.
 You had automatic searching.
 You were invisible.
 You were warded.
 You were lucky.
 You are dead.

Miscellaneous:
 You encountered 1 bones level.
 Total elapsed playing time was 9 minutes and 49 seconds.

Major events:
 Turn
    1: LDaviesPeters the neutral female human Archeologist entered the dungeon
  906: entered the Gnomish Mines
 1155: attained the rank of Field Worker (level 3)
 1336: killed by a kitten called Sponge

You didn't know any spells.

Skills:
 Fighting Skills
   bare handed combat [Unskilled]
   two weapon combat  [Unskilled]
   riding             [Unskilled]
 Weapon Skills
   dagger             [Unskilled]
   knife              [Unskilled]
   pick-axe           [Basic]
   short sword        [Unskilled]
   saber              [Unskilled]
   club               [Unskilled]
   quarterstaff       [Unskilled]
   sling              [Unskilled]
   dart               [Unskilled]
   boomerang          [Unskilled]
   whip               [Basic]
   unicorn horn       [Unskilled]
 Spellcasting Skills
   attack spells      [Unskilled]
   healing spells     [Unskilled]
   divination spells  [Unskilled]
   matter spells      [Unskilled]

Voluntary challenges:
 Character rerolling was not enabled.
 You never genocided any monsters.
 You never polymorphed an object.
 You never changed form.
 You used no wishes.
Achievements:
 You entered the Gnomish Mines.
 You attained the rank of Field Worker.

 The Dungeons of Doom: levels 1 to 4
    Level 1:
    Level 2:
       Some fountains.
    Level 3:
       A fountain.
       Stairs down to The Gnomish Mines.
    Level 4: <- You were here.
       An altar, a grave.
       Final resting place for
          you, killed by a kitten called Sponge,
          JohnDarcy-Tou-Hum-Mal-Neu, killed by a large cat,
          JohnDarcy-Tou-Hum-Mal-Neu, killed by a dwarf.
 The Gnomish Mines:
    Level 4:


Vanquished creatures:
  a kobold leader
  a werejackal
  a hobbit
  a yellow mold
  4 geckos
  a jackal
  2 foxes
  2 sewer rats
  3 grid bugs
  5 lichens
  a kobold zombie
  4 newts
26 creatures vanquished.

No species were genocided or became extinct.

Game over:
                       ----------
                      /          \
                     /    REST    \
                    /      IN      \
                   /     PEACE      \
                  /                  \
                  |  LDaviesPeters   |
                  |      49 Au       |
                  |   killed by a    |
                  |  kitten called   |
                  |      Sponge      |
                  |                  |
                  |       2026       |
                 *|     *  *  *      | *
        _________)/\\_//(\/(/\)/\//\/|_)_______

Goodbye LDaviesPeters the Archeologist...

You died in The Dungeons of Doom on dungeon level 4 with 447 points,
and 49 pieces of gold, after 1336 moves.
You were level 3 with a maximum of 20 hit points when you died.

